Map: White Chamber

Players

andx - Winner!

  • Race: Zerg Zerg
  • Spawn Location: 12:00

KanizOne - Winner!

  • Race: Terran Terran
  • Spawn Location: 11:00

symphony - Winner!

  • Race: Protoss Protoss
  • Spawn Location: 11:00

VOD

Have the link to the VOD?

Description

Time

  • Played on: June 10, 2026, 9:04 p.m.
  • Length: 42:20
Show
View Real Time Build Order
Export as new Build Order

andx Zerg - Winner!

Build Orders:  

Get SALT Encoding   

  12  0:07  Extractor  
  11  0:35  Spawning Pool  
  10  0:55  Overlord  
  10  1:40  Zergling x6  
  13  2:00  Zergling x2  
  14  2:23  Queen  
  16  2:36  Metabolic Boost  
  15  3:13  Zergling x2  
  15  3:14  Zergling x4  
  16  4:05  Zergling x10  
  20  4:23  Zergling x4  
  19  4:58  Zergling x4  
  21  5:06  Drone  
  22  5:19  Roach Warren  
  21  5:23  Overlord  
  16  6:14  Zergling x8  
  16  6:15  Zergling x4  
  18  6:58  Zergling x2  
  18  6:59  Zergling x8  
  13  8:00  Zergling x6  
  15  8:44  Lair  
  15  9:00  Roach  
  15  9:06  Drone x5  
  15  9:09  Hatchery  
  21  9:22  Extractor  
  19  10:02  Drone x4  
  23  10:48  Infestation Pit  
  22  10:56  Hatchery  
  21  11:17  Hydralisk Den  
  20  11:22  Drone x4  
  20  11:23  Drone x3  
  27  12:00  Spore Crawler  
  27  12:02  Spore Crawler  
  25  12:14  Hydralisk  
  25  12:15  Hydralisk  
  25  12:19  Overlord x2  
  20  14:20  Drone  
  20  14:21  Drone x5  
  20  14:22  Drone x6  
  32  14:34  Spore Crawler  
  31  14:43  Spore Crawler  
  30  15:41  Hatchery  
  29  16:30  Spire  
  28  17:33  Overlord  
  28  18:03  Extractor  
  28  18:07  Extractor  
  28  18:09  Drone  
  27  18:10  Drone x2  
  29  18:49  Mutalisk x2  
  114  18:50  Mutalisk x4  
  33  18:51  Mutalisk x2  
  42  20:04  Mutalisk  
  42  20:05  Mutalisk x2  
  42  20:07  Mutalisk x2  
  42  20:08  Mutalisk x4  
  60  20:47  Zerg Flyer Weapons Level 1  
  60  21:17  Overlord x3  
  60  21:31  Overlord x2  
  60  21:42  Drone  
  61  21:58  Mutalisk x4  
  61  21:59  Mutalisk x2  
  73  22:02  Mutalisk  
  75  22:13  Spore Crawler, Drone  
  75  22:14  Drone  
  76  22:27  Spine Crawler  
  75  22:32  Spine Crawler  
  75  22:35  Spore Crawler  
  73  22:40  Spine Crawler  
  73  22:49  Mutalisk x2  
  76  23:27  Zerg Flyer Armor Level 1  
  74  23:43  Drone  
  74  23:44  Drone  
  74  23:45  Drone  
  51  24:27  Mutalisk x3  
  51  24:28  Mutalisk x2  
  52  24:56  Drone x2  
  52  24:57  Drone  
  51  27:32  Hatchery  
  50  28:07  Mutalisk  
  50  28:08  Mutalisk x2  
  50  28:09  Mutalisk x3  
  58  31:12  Mutalisk x3  
  58  31:14  Mutalisk  
  58  31:15  Mutalisk x3  
  70  33:14  Mutalisk x3  
  70  33:18  Mutalisk x2  
  74  36:14  Mutalisk x3  
  80  36:20  Mutalisk x3  
  80  36:21  Mutalisk  
  88  37:24  Hatchery  
  87  37:36  Hatchery  
  86  39:12  Overseer  
  86  39:35  Drone x2  
  86  39:36  Drone  
  89  39:54  Extractor  
  89  39:57  Extractor  
  87  40:33  Pneumatized Carapace  
  85  41:16  Hatchery  
Show
View Real Time Build Order
Export as new Build Order

KanizOne Terran - Winner!

Build Orders:  

Get SALT Encoding   

  12  0:26  Refinery  
  12  0:47  Supply Depot  
  12  0:51  SCV  
  13  1:08  SCV  
  14  1:25  SCV  
  14  1:29  Barracks  
  15  1:39  Supply Depot  
  15  1:42  SCV  
  16  1:59  SCV  
  17  2:10  Supply Depot  
  17  2:16  SCV  
  18  2:38  Barracks Reactor  
  18  2:40  Supply Depot  
  18  3:00  Orbital Command  
  18  3:14  Factory  
  18  3:28  Supply Depot  
  18  3:36  Marine  
  18  3:37  Marine  
  20  3:53  Refinery  
  20  3:54  SCV  
  21  4:01  Marine  
  21  4:02  Marine  
  23  4:26  Marine  
  23  4:27  Marine  
  25  4:35  Factory Tech Lab  
  25  4:51  Marine  
  25  4:52  Marine  
  25  4:56  Starport  
  27  5:06  Barracks  
  27  5:16  Marine x2, Siege Tank  
  32  5:41  Marine x2  
  32  5:48  Refinery  
  34  6:00  Starport Tech Lab  
  34  6:06  Marine x2  
  36  6:13  Fusion Core  
  36  6:26  Medivac  
  38  7:07  Command Center  
  38  7:19  Barracks Reactor  
  38  7:22  Marine x2  
  40  7:42  Medivac  
  40  7:47  Marine x2  
  44  8:12  Marine x2  
  44  8:13  Supply Depot  
  46  8:45  Supply Depot  
  46  8:52  Refinery  
  46  9:20  Supply Depot  
  39  9:51  Supply Depot  
  35  10:22  Battlecruiser  
  35  10:23  Supply Depot  
  41  10:57  Marine x2  
  43  11:22  Marine x2  
  45  11:35  Siege Tank  
  48  11:47  Marine  
  49  11:52  Battlecruiser  
  49  11:54  Armory  
  49  11:59  Orbital Command  
  55  12:20  Siege Tank  
  58  13:07  Siege Tank  
  61  13:18  Starport  
  61  13:52  Siege Tank  
  64  14:16  Starport Tech Lab  
  64  14:21  Weapon Refit  
  64  14:37  Battlecruiser  
  70  14:55  Marine  
  70  14:56  Marine  
  72  15:04  Battlecruiser  
  78  15:11  Terran Ship Weapons Level 1  
  78  16:13  Refinery  
  78  17:15  Battlecruiser  
  84  17:38  Caduceus Reactor  
  84  17:51  Terran Vehicle And Ship Armor Level 1  
  84  18:15  Thor  
  90  18:30  Siege Tank  
  90  18:31  Siege Tank  
  90  19:15  Thor  
  96  19:33  Command Center  
  96  20:29  Battlecruiser  
  102  20:31  Terran Vehicle Weapons Level 1  
  102  20:52  Thor  
  108  21:06  Supply Depot  
  108  21:28  Refinery  
  108  21:37  Orbital Command  
  108  22:09  Supply Depot  
  108  22:42  Supply Depot  
  108  22:51  Battlecruiser  
  108  22:53  Battlecruiser  
  120  23:11  Terran Ship Weapons Level 2  
  120  23:12  Supply Depot  
  120  23:35  SCV  
  121  23:51  SCV  
  122  24:08  SCV  
  105  25:20  Battlecruiser x2  
  117  26:21  Terran Vehicle And Ship Armor Level 2  
  117  27:04  Battlecruiser  
  117  27:06  Battlecruiser  
  129  28:21  Refinery  
  129  28:40  Unknown, Orbital Command  
  129  28:44  Battlecruiser  
  129  28:48  Battlecruiser  
  141  28:59  Refinery  
  129  29:31  Terran Ship Weapons Level 3  
  129  29:50  SCV  
  130  30:07  SCV  
  131  30:14  Battlecruiser  
  137  30:24  SCV  
  138  30:41  SCV  
  138  30:43  Battlecruiser  
  145  31:44  Battlecruiser  
  151  32:09  Starport  
  151  32:13  Battlecruiser  
  151  32:16  Supply Depot  
  157  32:49  Supply Depot  
  154  33:11  Terran Vehicle Weapons Level 2  
  154  33:21  Supply Depot  
  154  33:53  Supply Depot  
  154  34:24  Supply Depot  
  154  34:52  Battlecruiser x2  
  166  35:03  Starport Tech Lab  
  166  35:14  Starport  
  166  36:05  Battlecruiser  
  172  36:17  Supply Depot  
  172  36:21  Terran Vehicle And Ship Armor Level 3  
  172  36:22  Battlecruiser x2  
  184  37:35  Battlecruiser  
  190  38:48  Battlecruiser  
Show
View Real Time Build Order
Export as new Build Order

symphony Protoss - Winner!

Build Orders:  

Get SALT Encoding   

  1  0:00  Probe (Chrono Boost)  
  13  0:11  Probe (Chrono Boost)  
  15  0:30  Probe (Chrono Boost)  
  15  0:39  Pylon  
  15  1:05  Gateway  
  15  1:06  Probe (Chrono Boost)  
  15  1:09  Pylon  
  16  1:18  Forge  
  16  1:30  Assimilator  
  16  1:34  Probe (Chrono Boost)  
  17  1:45  Probe (Chrono Boost)  
  18  1:57  Pylon  
  18  2:14  Cybernetics Core  
  18  2:22  Cybernetics Core  
  18  2:29  Probe (Chrono Boost)  
  19  3:00  Nexus  
  19  3:19  Pylon  
  19  3:29  Pylon  
  19  3:44  Assimilator  
  19  3:49  Assimilator  
  19  4:05  Nexus  
  19  4:21  Pylon  
  19  4:29  Pylon  
  19  4:36  Twilight Council  
  19  4:46  Probe (Chrono Boost)  
  20  4:52  Probe (Chrono Boost)  
  20  4:58  Probe (Chrono Boost)  
  22  5:10  Probe (Chrono Boost)  
  22  5:13  Stargate  
  23  5:21  Probe (Chrono Boost)  
  24  5:34  Probe (Chrono Boost)  
  25  5:40  Probe (Chrono Boost)  
  25  5:47  Probe (Chrono Boost)  
  27  5:57  Probe (Chrono Boost)  
  27  5:58  Probe (Chrono Boost)  
  29  6:11  Probe (Chrono Boost)  
  30  6:28  Probe (Chrono Boost)  
  31  6:30  Photon Cannon  
  31  6:34  Photon Cannon  
  31  6:40  Photon Cannon  
  31  6:45  Photon Cannon  
  31  6:52  Photon Cannon  
  31  6:58  Photon Cannon  
  31  7:01  Shield Battery  
  31  7:06  Shield Battery  
  31  7:45  Fleet Beacon  
  31  7:49  Stargate  
  31  8:19  Carrier  
  37  9:03  Probe (Chrono Boost)  
  38  9:14  Probe (Chrono Boost)  
  39  9:20  Assimilator  
  39  9:22  Carrier, Probe (Chrono Boost)  
  39  9:26  Probe (Chrono Boost)  
  41  9:33  Probe (Chrono Boost)  
  41  9:34  Probe (Chrono Boost)  
  43  9:43  Probe (Chrono Boost)  
  43  9:45  Probe (Chrono Boost)  
  43  9:46  Probe (Chrono Boost)  
  46  9:56  Probe (Chrono Boost)  
  53  10:13  Probe (Chrono Boost)  
  53  10:18  Nexus  
  54  10:25  Pylon  
  54  10:28  Pylon  
  54  10:34  Pylon  
  54  10:39  Pylon  
  54  10:46  Assimilator  
  54  10:52  Assimilator  
  54  11:02  Photon Cannon  
  54  11:04  Photon Cannon  
  54  11:06  Photon Cannon  
  54  11:16  Photon Cannon  
  54  11:21  Photon Cannon  
  54  11:24  Photon Cannon  
  54  11:29  Photon Cannon, Carrier x2  
  54  11:30  Shield Battery  
  54  11:36  Shield Battery  
  54  11:39  Photon Cannon  
  66  12:10  Stargate  
  66  12:15  Probe (Chrono Boost)  
  67  12:27  Probe (Chrono Boost)  
  67  12:39  Probe (Chrono Boost)  
  68  12:43  Probe (Chrono Boost)  
  70  12:54  Probe (Chrono Boost)  
  70  12:56  Probe (Chrono Boost)  
  70  12:59  Carrier x2  
  84  13:59  Photon Cannon  
  84  14:00  Photon Cannon  
  84  14:14  Photon Cannon  
  84  14:18  Photon Cannon  
  84  14:28  Photon Cannon  
  84  14:29  Photon Cannon  
  84  14:38  Shield Battery  
  84  14:39  Carrier x3  
  84  14:41  Photon Cannon  
  84  14:47  Shield Battery  
  84  14:52  Shield Battery  
  84  14:58  Probe (Chrono Boost)  
  85  15:09  Probe (Chrono Boost)  
  104  15:22  Probe (Chrono Boost)  
  105  15:55  Carrier x3  
  105  16:01  Photon Cannon  
  105  16:06  Photon Cannon  
  105  16:13  Photon Cannon  
  105  16:17  Photon Cannon  
  105  16:29  Shield Battery  
  123  17:17  Protoss Shields Level 1  
  123  17:24  Protoss Air Weapons Level 1  
  123  17:25  Carrier x3, Protoss Air Armor Level 1  
  123  17:33  Probe (Chrono Boost)  
  124  17:44  Probe (Chrono Boost)  
  124  17:48  Probe (Chrono Boost)  
  125  17:57  Probe (Chrono Boost)  
  109  18:00  Probe (Chrono Boost)  
  146  18:13  Probe (Chrono Boost)  
  111  20:07  Nexus  
  111  20:15  Pylon  
  111  20:26  Stargate  
  111  20:32  Stargate  
  111  20:53  Pylon  
  111  21:04  Photon Cannon  
  111  21:11  Photon Cannon  
  111  21:13  Photon Cannon  
  111  21:22  Photon Cannon  
  111  21:29  Photon Cannon  
  111  21:38  Photon Cannon, Carrier x3  
  111  21:39  Carrier  
  111  21:43  Photon Cannon  
  111  21:48  Photon Cannon  
  111  21:54  Shield Battery  
  135  23:08  Carrier x3  
  135  23:23  Protoss Shields Level 2  
  135  23:32  Protoss Air Weapons Level 2  
  135  23:34  Protoss Air Armor Level 2  
  153  23:46  Carrier  
  153  23:51  Pylon  
  159  25:00  Pylon  
  159  25:02  Pylon  
  159  25:07  Pylon  
  159  25:10  Pylon  
  159  25:13  Pylon  
  159  25:18  Pylon  
  159  25:21  Pylon  
  159  25:30  Pylon  
  159  25:32  Pylon  
  159  25:33  Pylon  
  159  25:55  Pylon  
  159  26:00  Shield Battery  
  159  26:01  Shield Battery  
  159  26:04  Photon Cannon  
  159  26:06  Photon Cannon  
  159  26:12  Photon Cannon  
  159  26:13  Photon Cannon  
  159  26:17  Photon Cannon  
  159  26:18  Photon Cannon  
  159  26:23  Photon Cannon  
  159  26:41  Carrier x2  
  159  26:42  Carrier x2  
  159  26:45  Shield Battery  
  159  26:47  Shield Battery  
  159  26:52  Pylon  
  159  26:55  Pylon  
  159  26:59  Shield Battery  
  183  27:22  Protoss Shields Level 3  
  183  27:34  Protoss Air Weapons Level 3  
  183  27:36  Protoss Air Armor Level 3  
  183  27:58  Assimilator x2  
  183  28:02  Carrier  
  183  28:03  Carrier  
  195  29:27  Carrier  
  189  30:34  Carrier  
  195  32:00  Carrier  
  175  38:19  Carrier x2  
  175  38:20  Carrier x2  
Tags
 
Add a new tag
Caveats
  • Supply blocks, unpowered buildings, or Contaminate may cause inaccurate times.
  • Supply counts are checked every 10 seconds.